 Dungeon Crawl Stone Soup version 0.27-a0-412-g8dd771eca2 (webtiles) character file.

Game seed: 10987940812906796334

59 garrulousMonolith the Skirmisher (level 3, -14/29 HPs)
             Began as a Demonspawn Fighter on Feb 24, 2021.
             Demolished by an ogre
             ... wielding a +0 giant club
              (23 damage)
             ... on level 2 of the Dungeon.
             The game lasted 00:02:19 (1828 turns).

garrulousMonolith the Skirmisher (DsFi)             Turns: 1828, Time: 00:02:19

Health: -14/29     AC:  6    Str: 16    XL:     3   Next: 78%
Magic:  4/4        EV: 11    Int: 10    God:
Gold:   38         SH:  8    Dex: 12    Spells: 2/2 levels left

rFire    . . .     SeeInvis .   a - +0 trident
rCold    . . .     Faith    .   c - +0 kite shield
rNeg     . . .     Spirit   .   k - +0 scale mail
rPois    .         Reflect  .   (no helmet)
rElec    .         Harm     .   (no cloak)
rCorr    .         Rampage  .   (no gloves)
Will     .....                  (no boots)
Stlth    ..........             (no amulet)
HPRegen  0.09/turn              (no ring)
MPRegen  0.09/turn              (no ring)

@: agile
A: hooves 1, powered by pain 1
a: no special abilities


You were on level 2 of the Dungeon.
You visited 1 branch of the dungeon, and saw 2 of its levels.

You collected 38 gold pieces.

Inventory:

Hand Weapons
 a - a +0 trident (weapon)
 b - a +0 hunting sling
Missiles
 j - 20 sling bullets
 m - 22 stones (quivered)
Armour
 c - a +0 kite shield (worn)
 k - a +0 scale mail (worn)
Magical Staves
 p - a staff of air
Scrolls
 e - 2 scrolls of identify {unknown}
 g - a scroll of random uselessness {unknown}
 i - a scroll of magic mapping {unknown}
 l - 2 scrolls of enchant weapon {unknown}
 o - 3 scrolls of fog {unknown}
Potions
 d - a potion of might
 f - a potion of ambrosia {unknown}
 h - a potion of curing {unknown}
 n - a potion of mutation {unknown}


   Skills:
 + Level 3.3 Fighting
 * Level 2.6 Polearms
 + Level 3.1 Armour
 + Level 2.9 Shields
 + Level 1.4 Invocations


You had 2 spell levels left.
You didn't know any spells.
Your spell library was empty.

Dungeon Overview and Level Annotations

Branches:
Dungeon (2/15)

Altars:


Innate Abilities, Weirdness & Mutations

You have large cloven feet.
You sometimes gain a little power by taking damage.


Message History

Press: ? - help, Q - select action Shift-Dir - straight line, f/p - ogre
Aim: an ogre, wielding a +0 giant club (lightly wounded, 73% to hit)
You throw a stone.
The stone hits the ogre but does no damage.
The ogre is lightly wounded.
The ogre completely misses you.
Okay, then.
You barely miss the ogre.
The ogre is lightly wounded.
The ogre hits you but does no damage.
You hit the ogre.
The ogre is lightly wounded.
The ogre hits you but does no damage.
You puncture the ogre!
The ogre is heavily wounded.
The ogre hits you with a +0 giant club!
You focus on the pain.
You feel very mighty all of a sudden.
You see here a +0 dagger.
You see here a +0 dagger.
You feel a little less mighty now.
Okay, then.
Reach: a) +0 trident
Press: ? - help, Dir - move target, f/p - ogre
Aim: an ogre, wielding a +0 giant club (moderately wounded, about 27% to evade your +0 trident)
You reach to attack!
You hit the ogre.
The ogre is heavily wounded.
You barely miss the ogre. You kick the ogre.
The ogre is severely wounded.
The ogre barely misses you. The ogre hits you with a +0 giant club!
* * * LOW HITPOINT WARNING * * *
You focus on the pain.
You feel agile all of a sudden.
You hit the ogre. You kick the ogre, but do no damage.
The ogre is almost dead.
The ogre closely misses you.
You barely miss the ogre.
The ogre is almost dead.
The ogre hits you with a +0 giant club!!
Ouch! That really hurt!
You die...

#.# #############.#
...(........#.#
###########.#.#
#.....).#.#.#
#.#####.#.#.# #.#
#.#.#.# #.# #.#.#.# #.#
#@#.#.######## #.#
#.O..........#
#####.#######.#.###.####
#..........O..#.# #.#
#.###.#########.# #.#
#.#...#.........# #.#
#.###.#.######### #.#
#.###(#.# #.# #....)#.#
#########.#


You could see an ogre.

Vanquished Creatures
  2 adders (D:2)
  2 dart slugs (D:1)
  A leopard gecko (D:2)
  A giant cockroach (D:1)
  7 goblins
  3 hobgoblins
  8 kobolds
  2 ball pythons (D:1)
  5 bats
  3 frilled lizards
  4 rats
38 creatures vanquished.

Notes
Turn   | Place    | Note
-------+----------+-------------------------------------------
     0 | D:1      | garrulousMonolith the Demonspawn Fighter began the quest
                  | for the Orb.
     0 | D:1      | Reached XP level 1. HP: 18/18 MP: 1/1
   259 | D:1      | Gained mutation: You have large cloven feet. [demonic
                  | ancestry]
   259 | D:1      | Reached XP level 2. HP: 24/24 MP: 2/2
   778 | D:1      | Reached skill level 1 in Invocations
  1017 | D:2      | Gained mutation: You sometimes gain a little power by
                  | taking damage. [demonic ancestry]
  1017 | D:2      | Reached XP level 3. HP: 26/29 MP: 3/3
  1758 | D:2      | Noticed an ogre
  1828 | D:2      | Demolished by an ogre

Illustrated notes

Levels and vault maps discovered:
D:1:      lightli_arrival_statue_moat, layout_loops_ring,
          minmay_strange_pillars, minmay_strange_pillars
D:2:      wander_river, layout_basic

Skill      XL: |  1  2 |
---------------+-------+-----
Polearms       | 2 |  2.6
Invocations    | 1 |  1.4
Armour         | 3 |  3.1
Fighting       | |  3.3
Shields        | |  2.9

Action                   || total
-------------------------++-------
Melee: Trident           ||    95
       Kick              ||    10
 Fire: Hunting sling     ||    31
Throw: Stone             ||     4
Armor: Scale mail        ||    43
Dodge: Dodged            ||    30
Block: Kite shield       ||    43

Table legend: (Time is in decaauts)
 A = Elapsed time spent in this place.
 B = Non-inter-level travel time spent in this place.
 C = Inter-level travel time spent in this place.
 D = Time resting spent in this place.
 E = Time spent auto-exploring this place.
 F = Levels seen in this place.
 G = Mean time per level.
                   A        B        C        D        E       F      G
               +--------+--------+--------+--------+--------+-----+--------+
         Total |   1891 |   1772 |    119 |      0 |   1413 |   2 |  945.5 |
       Dungeon |   1891 |   1772 |    119 |      0 |   1413 |   2 |  945.5 |
               +--------+--------+--------+--------+--------+-----+--------+

Top non-repeatable levels by time:
     D:1: 998 daAuts
     D:2: 893 daAuts
